 Dungeon Sprint DCSS version 0.31-a0-1-g4198be8af4 (webtiles) character file.

Game seed: 13019945197117054279

164 sircluck the Scholar of Death (level 5, -1/35 HPs)
             Began as a Mummy Necromancer on May 2, 2023.
             Was a Follower of Kikubaaqudgha.
             Slain by a gnoll
             ... wielding a +0 flail
              (4 damage)
             ... in the Dungeon (Sprint VII: "The Pits").
             The game lasted 00:01:14 (207 turns).

sircluck the Scholar of Death (Mummy Necromancer)    Turns: 207, Time: 00:01:14

Health: -1/35      AC:  2    Str: 12    XL:     5   Next: 21%
Magic:  3/13       EV: 12    Int: 16    God:    Kikubaaqudgha [*.....]
Gold:   0          SH:  0    Dex: 12    Spells: 15/16 levels left

rFire   x . .        c - +2 dagger
rCold   + . .        (no shield)
rNeg    + + +        a - +0 robe
rPois   ∞            (no helmet)
rElec   .            (no cloak)
rCorr   .            (no gloves)
SInv    .            (no boots)
Will    .....        (no amulet)
Stlth   ++           (no ring)
HPRegen 0.25/turn    (no ring)
MPRegen 0.13/turn

%: no teleportation, faith
@: no status effects
A: cold resistance 1, negative energy resistance 3, torment resistance 2, heat
vulnerability 1, in touch with death 1, no potions, faith
a: Renounce Religion, Unearth Wretches


You were in the Dungeon.
You worshipped Kikubaaqudgha.
Kikubaaqudgha was aware of your devotion.
You visited 1 branch

Inventory:

Hand Weapons
 c - a +2 dagger (weapon)
Missiles
 d - 10 stones
Armour
 a - a +0 robe (worn)
Scrolls
 e - 5 scrolls of amnesia
 f - a scroll of summoning


   Skills:
 + Level 1.1 Short Blades
 + Level 2.6 Dodging
 + Level 2.5 Stealth
 + Level 6.4 Spellcasting
 + Level 9.4 Necromancy


You had 15 spell levels left.
You knew the following spells:

 Your Spells              Type           Power      Damage    Failure   Level
a - Necrotise             Necr           100%       1d9       1%          1

Your spell library contained the following spells:

 Spells                   Type           Power      Damage    Failure   Level
 Kiss of Death            Conj/Necr      100%       2d13      1%          1
 Vampiric Draining        Necr           52%        2d9       1%          3
 Animate Dead             Necr           52%        N/A       2%          4
 Agony                    Necr           52%        N/A       8%          5


Dungeon Overview and Level Annotations

Branches:
Dungeon (1/1)

Altars:
Ashenzari
Cheibriados
Dithmenos
Fedhas
Gozag
Hepliaklqana
Kikubaaqudgha
Makhleb
Nemelex Xobeh
Okawaru
Qazlal
Ru
Sif Muna
Trog
Uskayaw
Vehumet
Wu Jian
Xom
Yredelemnul
Jiyva
Lugonu


Innate Abilities, Weirdness & Mutations

You are immune to poison.
Your flesh is cold resistant. (rC+)
You are immune to negative energy. (rN+++)
You are immune to unholy pain and torment.
You are vulnerable to heat. (rF-)
You are in touch with the powers of death.
You do not drink.
You have a special connection with the divine. (Faith)


Message History

* * * LOW HITPOINT WARNING * * *
The gnoll barely misses you. The giant cockroach bites you.
* * * LOW HITPOINT WARNING * * *
Your Short Blades skill increases to level 1!
Your Spellcasting skill increases to level 6!
Your Necromancy skill increases to level 9!
You have reached level 5!
You feel stronger. The gnoll attacks as you move away!
The gnoll closely misses you.
There is an open door here.
The adder zombie attacks as you move away!
The adder zombie bites you.
* * * LOW HITPOINT WARNING * * *
Blink to where?
Press: ? - help, Q - select action, (/) - cycle Dir - move target
As you read the scroll of blinking, it crumbles to dust.
The adder zombie attacks as you move away!
The adder zombie completely misses you.
You hit the adder zombie.
The adder zombie is moderately damaged.
The adder zombie closely misses you.
You closely miss the adder zombie.
The adder zombie is moderately damaged.
The adder zombie bites you.
* * * LOW HITPOINT WARNING * * *
You hit the adder zombie.
The adder zombie is moderately damaged.
The adder zombie closely misses you.
You barely miss the adder zombie.
The adder zombie is moderately damaged.
You are too injured to fight recklessly!
Casting: Necrotise (safe; 1% risk of failure)
Confirm with . or Enter, or press ? or * to list all spells.
Aiming: Necrotise (safe; 1% risk of failure)
Press: ? - help, Shift-Dir - straight line, f - gnoll
Aim: a gnoll, wielding a +0 flail (chance to affect: 88%)
You feel a surge of power!
The gnoll writhes in agony.
The gnoll attacks as you move away! The gnoll hits you with a +0 flail.
You die...
Kikubaaqudgha rasps: "You have failed me!
Welcome... oblivion!"

############
#_________.#
#_________.#
#_______...###########++
##########'##...........
#.?.!')))'.##......#..#.
##########Z##...........
#......B..g@'...........
#+#####'#####......#..#.
#.§#..##...........
+..'.†#####'#####++
####B###.......#
#......g.##.......#
#........##.......#
#####+#####...<...#
#.......#


You could see a gnoll, an adder zombie and a giant cockroach.

Vanquished Creatures
  A scorpion (D)
  A bat (D)
  2 hobgoblins (D)
4 creatures vanquished.

Vanquished Creatures (collateral kills)
  A floating eye (D)
1 creature vanquished.

Grand Total: 5 creatures vanquished

Notes
Turn   | Place    | Note
-------+----------+-------------------------------------------
     0 | D        | sircluck the Mummy Necromancer began the quest for the Orb.
     0 | D        | Reached XP level 1. HP: 13/13 MP: 4/4
    46 | D        | Found a bloodstained altar of Trog.
    46 | D        | Found a shimmering blue altar of Sif Muna.
    46 | D        | Found a viscous altar of Jiyva.
    46 | D        | Found a hazy altar of Hepliaklqana.
    46 | D        | Found an opulent altar of Gozag.
    47 | D        | Found a basalt altar of Yredelemnul.
    47 | D        | Found a shimmering altar of Xom.
    47 | D        | Found an ornate altar of the Wu Jian Council.
    47 | D        | Found a sacrificial altar of Ru.
    47 | D        | Found a stormy altar of Qazlal.
    47 | D        | Found an iron altar of Okawaru.
    47 | D        | Found a sparkling altar of Nemelex Xobeh.
    47 | D        | Found a burning altar of Makhleb.
    47 | D        | Found a blossoming altar of Fedhas.
    47 | D        | Found a shadowy altar of Dithmenos.
    47 | D        | Found a snail-covered altar of Cheibriados.
    50 | D        | Found a corrupted altar of Lugonu.
    50 | D        | Found a radiant altar of Vehumet.
    51 | D        | Found an ancient bone altar of Kikubaaqudgha.
    51 | D        | Found a hide-covered altar of Uskayaw.
    51 | D        | Found a broken altar of Ashenzari.
    61 | D        | Became a worshipper of Kikubaaqudgha
    90 | D        | Noticed a floating eye
    95 | D        | Killed a floating eye
    95 | D        | Reached * piety under Kikubaaqudgha
    95 | D        | Received a gift from Kikubaaqudgha
    96 | D        | Reached skill level 5 in Spellcasting
    96 | D        | Reached skill level 8 in Necromancy
    96 | D        | Reached XP level 2. HP: 19/19 MP: 0/8
    96 | D        | Gained mutation: You are in touch with the powers of death.
                  | [Mummy growth]
    96 | D        | Reached XP level 3. HP: 24/24 MP: 0/9
    96 | D        | Reached XP level 4. HP: 30/30 MP: 0/11
   186 | D        | Noticed a scorpion
   195 | D        | Killed a scorpion
   196 | D        | Reached skill level 1 in Short Blades
   196 | D        | Reached skill level 9 in Necromancy
   196 | D        | Reached XP level 5. HP: 3/35 MP: 3/13
   197 | D        | HP: 1/35 [adder zombie (2)]
   207 | D        | Slain by a gnoll

Illustrated notes

Levels and vault maps discovered:
D:        pitsprint [storerooms_1, entrance_room_1, metal_vault_1, armoury_2,
          mini_pit_1, grid_room_1, main_hall_1, silver_pit, the_coven_3,
          the_vestibule_1, steel_vault_5, golden_pit, hallway_of_sentries,
          crystal_vault_4, iron_vault_1, final_vault]

Skill      XL: |  1  2  3  4 |
---------------+-------------+-----
Spellcasting   | 5 6 |  6.4
Dodging        | 2 |  2.6
Stealth        | 2 |  2.5
Necromancy     | 8 9 |  9.4
Short Blades   | 1 |  1.1

Action                     |  1- 3 |  4- 6 || total
---------------------------+-------+-------++-------
  Melee: Dagger            |     1 |     8 ||     9
   Cast: Necrotise         |     7 |    10 ||    17
    Use: Scroll            |       |     1 ||     1
 Armour: Robe              |       |     4 ||     4
  Dodge: Dodged            |       |    19 ||    19

Table legend: (Time is in decaauts)
 A = Elapsed time spent in this place.
 B = Non-inter-level travel time spent in this place.
 C = Inter-level travel time spent in this place.
 D = Time resting spent in this place.
 E = Time spent auto-exploring this place.
 F = Levels seen in this place.
 G = Mean time per level.
                   A        B        C        D        E       F      G
               +--------+--------+--------+--------+--------+-----+--------+
         Total |    205 |    205 |      0 |      0 |    111 |   1 |  205.0 |
       Dungeon |    205 |    205 |      0 |      0 |    111 |   1 |  205.0 |
               +--------+--------+--------+--------+--------+-----+--------+

Top non-repeatable levels by time:
       D: 205 daAuts
